AoeStats
← jbeacen2

Black Forest

510075635Analyzed
2v2 RM · 2d ago on Sep 29, 2026· 50m 50s· 4 players
Game mode
Random Map
Map size
Medium (4 player)
Population
200
Speed
Normal
Resources
Standard
Victory
Conquest
Starting age
Dark Age
Ending age
Imperial Age
RankedLock teamsTeams togetherTeam positionsShared explorationLock speedFull tech treeHidden civsTurbo modeCheats
Victory
Defeat
🇩🇪 Teutons · Germany
671
+15
🇵🇱 Burmese · Poland
627
+17
🇫🇷 Burgundians · France
716
-19
🇪🇸 Chinese · Spain
568
-13
denarius_g
11:34 Feudal Age
12:50 Wheelbarrow
12:30 Horse Collar
12:44 Man-at-Arms
17:16 Forging
23:56 Castle Age
26:24 Long Swordsman
27:35 Hand Cart
28:43 Stone Mining
28:46 Gold Mining
30:35 Bloodlines
35:11 Loom
35:12 Town Watch
36:10 Gold Shaft Mining
39:50 Herbal Medicine
44:44 Imperial Age
43:20 Squires
43:15 Fletching
44:01 Iron Casting
43:32 Scale Barding Armor
43:27 Scale Mail Armor
43:28 Padded Archer Armor
44:27 Husbandry
44:35 Bodkin Arrow
45:53 Conscription
45:38 Howdah
45:41 Manipur Cavalry
49:12 Blast Furnace
48:13 Bracer
48:34 Chain Barding Armor
King Kong
0:41 Loom
13:20 Feudal Age
16:50 Double-Bit Axe
18:24 Fletching
20:21 Town Watch
20:55 Stone Mining
21:18 Scale Mail Armor
21:28 Forging
21:11 Horse Collar
25:46 Castle Age
24:35 Gold Mining
24:46 Arson
27:16 Bow Saw
27:56 Stone Shaft Mining
28:58 Iron Casting
28:39 Chain Mail Armor
29:47 Heavy Plow
29:55 Squires
39:45 Imperial Age
37:55 Caravan
44:36 Plate Mail Armor
46:18 Elite Teutonic Knight
46:57 Capped Ram
50:13 Chemistry
jbeacen2
0:49 Loom
20:54 Feudal Age
23:55 Arson
24:17 Horse Collar
24:25 Double-Bit Axe
24:35 Stone Mining
24:35 Gold Mining
26:52 Castle Age
25:32 Padded Archer Armor
25:22 Fletching
29:52 Thumb Ring
30:25 Bow Saw
30:59 Ballistics
35:49 Bodkin Arrow
36:03 Squires
37:02 Heavy Plow
38:27 Pikeman
43:56 Imperial Age
41:39 Great Wall
43:05 Leather Archer Armor
44:59 Rocketry
44:32 Capped Ram
46:26 Chemistry
47:37 Halberdier
48:41 Elite Chu Ko Nu
49:13 Siege Ram
49:49 Arson
50:48 Ring Archer Armor
50:19 Bracer
Voldur
7:29 Horse Collar
9:17 Double-Bit Axe
10:47 Wheelbarrow
10:29 Gold Mining
13:37 Feudal Age
15:05 Bow Saw
15:31 Heavy Plow
19:55 Castle Age
21:48 Two-Man Saw
22:18 Forging
23:06 Guilds
26:07 Hand Cart
27:12 Scale Barding Armor
28:19 Husbandry
29:29 Cavalier
Connection lost

Rejoining the realm…

Still unreachable

The connection could not be restored.

Session expired

The server has moved on; the page needs a fresh start.